 Dungeon Crawl Stone Soup version 0.27-a0-906-g0a00ce863d (webtiles) character file.

Game seed: 13081311485549437268

189 ClownBaby the Skirmisher (level 5, 0/44 HPs)
             Began as a Demonspawn Gladiator on Apr 8, 2021.
             Was a Follower of Uskayaw.
             Slain by a lemure (6 damage)
             ... led by Pikel
             ... on level 4 of the Dungeon.
             The game lasted 00:15:50 (6167 turns).

ClownBaby the Skirmisher (Demonspawn Gladiator)     Turns: 6167, Time: 00:15:51

Health: 0/44       AC:  8    Str: 15    XL:     5   Next: 40%
Magic:  5/5        EV: 11    Int:  9    God:    Uskayaw [*.....]
Gold:   153        SH:  0    Dex: 15    Spells: 4/4 levels left

rFire    . . .     SeeInvis .   b - +0 hand crossbow
rCold    . . .     Faith    .   (no shield)
rNeg     . . .     Spirit   .   l - +0 ring mail
rPois    .         Reflect  .   c - +0 helmet
rElec    .         Harm     .   k - +1 cloak
rCorr    .         Rampage  .   (no gloves)
Will     .....                  (no boots)
Stlth    +.........             (no amulet)
HPRegen  0.14/turn              o - ring of flight
MPRegen  0.09/turn              (no ring)

@: brilliant, flying
A: ignite blood 1
a: Renounce Religion, Stomp


You were on level 4 of the Dungeon.
You worshipped Uskayaw.
Uskayaw was noncommittal.
You visited 1 branch of the dungeon, and saw 4 of its levels.

You collected 153 gold pieces.

Inventory:

Hand Weapons
 a - a +0 rapier
 b - a +0 hand crossbow (weapon)
Missiles
 d - 2 throwing nets
 f - 60 bolts (quivered ammo)
Armour
 c - a +0 helmet (worn)
 k - a +1 cloak (worn)
 l - a +0 ring mail (worn)
 q - a +2 robe of cold resistance
Jewellery
 o - a ring of flight (left hand)
 p - a ring of ice
Scrolls
 i - a scroll of amnesia
 m - 2 scrolls of immolation
Potions
 e - a potion of flight


   Skills:
 - Level 5.1 Fighting
 - Level 2.6 Short Blades
 + Level 2.0 Crossbows
 - Level 1.7 Throwing
 - Level 2.6 Dodging


You had 4 spell levels left.
You didn't know any spells.
Your spell library contained the following spells:

 Spells                   Type           Power      Damage    Failure   Level
 Magic Dart               Conj           0%         1d3       63%         1
 Blink                    Tloc           N/A        N/A       77%         2
 Call Imp                 Summ           0%         N/A       77%         2
 Slow                     Hex            0%         N/A       77%         2
 Confusing Touch          Hex            0%         N/A       94%         3
 Conjure Flame            Conj/Fire      0%         6-21      94%         3
 Gell's Gravitas          Tloc           0%         N/A       94%         3
 Mephitic Cloud           Conj/Pois/Air  0%         N/A       94%         3
 Petrify                  Tmut/Erth      0%         N/A       100%        4
 Metabolic Englaciation   Hex/Ice        0%         N/A       100%        5
 Yara's Violent Unravell  Hex/Tmut       0%         3d3       100%        5


Dungeon Overview and Level Annotations

Branches:
Dungeon (4/15)
 Temple: D:4-7

Altars:
Uskayaw

Shops:
D:3 [*(:

Annotations:
D:4 Pikel, Sigmund


Innate Abilities, Weirdness & Mutations

Your demonic aura sometimes causes spilled blood to erupt in flames


Message History

You hit the gnoll but do no damage. The gnoll hits you with a +0 flail.
The lemure hits you.
* * * LOW HITPOINT WARNING * * *
The gnoll hits you but does no damage. The gnoll barely misses you.
Okay, then.
There is an open door here.
b - a +0 hand crossbow (weapon)
You are too injured to fight recklessly!
A dart slug comes into view.
The dart slug launches a dart at you. The slug dart misses you.
The dart slug launches a dart at you. The slug dart misses you.
The lemure closely misses you. The dart slug launches a dart at you.
The slug dart misses you.
You see here a scroll of fear.
g - a scroll of fear
As you read the scroll of fear, it crumbles to dust.
You assume a fearsome visage.
The dart slug looks frightened!
The lemure is unaffected.
The gnoll looks frightened! x3
The lemure barely misses you. The lemure hits you!
* * * LOW HITPOINT WARNING * * *
The lemure hits you but does no damage.
You see here a red potion.
g - a red potion The lemure closely misses you.
The lemure barely misses you.
It was a potion of brilliance.
You feel clever all of a sudden. The lemure hits you.
* * * LOW HITPOINT WARNING * * *
The dart slug launches a dart at you.
The slug dart hits you but does no damage.
There is an open door here.
There is a stone staircase leading up here.
The lemure hits you.
You die...

#... ... .. ..
##########'#######+###..
#.......................
+.......................
#.......................
#...........@5..........
#(......................
#............(..........
#........#######'########
#####........#.w............#
.............#..............#
.............#..............#
.............'....).........#
.............#..)...........#


You could see a lemure.

Vanquished Creatures
  A lemure (D:3)
  Jessica (D:3)
  3 adders
  A gnoll (D:4)
  A howler monkey skeleton (D:4)
  3 river rats (D:4)
  3 worms
  5 orcs (D:3)
  8 bats
  10 endoplasms
  5 giant cockroaches
  3 hobgoblins
  3 jackals (D:2)
  A quokka (D:2)
  6 ball pythons
  3 frilled lizards
  6 goblins
  4 kobolds
  9 rats
76 creatures vanquished.

Vanquished Creatures (collateral kills)
  A goblin (D:4)
  A kobold (D:4)
2 creatures vanquished.

Vanquished Creatures (others)
  65 plants (D:4)
65 creatures vanquished.

Grand Total: 143 creatures vanquished

Notes
Turn   | Place    | Note
-------+----------+-------------------------------------------
     0 | D:1      | ClownBaby the Demonspawn Gladiator began the quest for the
                  | Orb.
     0 | D:1      | Reached XP level 1. HP: 16/16 MP: 1/1
   514 | D:1      | Gained mutation: Your demonic aura sometimes causes spilled
                  | blood to erupt in flames [demonic ancestry]
   514 | D:1      | Reached XP level 2. HP: 21/23 MP: 2/2
   880 | D:1      | You fall into a shaft and drop 1 floor!
   914 | D:1      | Reached skill level 3 in Fighting
  1050 | D:1      | Found a faded altar of an unknown god.
  1183 | D:1      | Became a worshipper of Uskayaw the Reveller
  1183 | D:1      | Reached * piety under Uskayaw
  1276 | D:1      | Reached ** piety under Uskayaw
  1655 | D:2      | Reached XP level 3. HP: 29/29 MP: 3/3
  2336 | D:2      | Reached skill level 4 in Fighting
  2768 | D:3      | Found Nuejiott's Antique Armour Shoppe.
  3046 | D:3      | Reached *** piety under Uskayaw
  3047 | D:3      | Reached XP level 4. HP: 27/38 MP: 0/4
  3146 | D:3      | Found Woar's Assorted Antiques.
  3343 | D:3      | Found Daon's Antique Weapon Shoppe.
  3401 | D:3      | Found Buuxt's Book Shop.
  3485 | D:3      | Noticed Jessica
  3500 | D:3      | Killed Jessica
  3856 | D:3      | Reached skill level 5 in Fighting
  4183 | D:4      | Noticed Sigmund
  4241 | D:4      | Noticed a lemure
  4241 | D:4      | Noticed a lemure
  4242 | D:4      | Noticed Pikel
  4242 | D:4      | Noticed a lemure
  4242 | D:4      | Noticed a lemure
  4697 | D:3      | Killed a lemure
  5494 | D:4      | Reached XP level 5. HP: 29/44 MP: 5/5
  5635 | D:4      | Reached skill level 1 in Crossbows
  6167 | D:4      | Slain by a lemure

Illustrated notes

Levels and vault maps discovered:
D:1:      dpeg_arrival_subterranean_lakeside_camping, layout_basic,
          shapermc_ecumenical_altar_gd, serial_bayou_crossing
D:2:      layout_basic
D:3:      layout_basic, serial_shops, nicolae_shop_overgrown_old_shop,
          nicolae_shop_crystal, shop, shop_statue, hex_tiny, uniq_jessica
D:4:      layout_gridville, pdpol_wu_jian_five_deadly_venoms,
          kennysheep_little_box, grunt_temple_overflow_diamond, serial_bayou,
          serial_bayou_pond_d, serial_bayou_lagoon_a, serial_bayou_pond_b,
          serial_bayou_shore_b, portal_sewer_entry_e, uniq_sigmund, uniq_pikel,
          uniq_grinder, uniq_blork_the_orc, uniq_robin

Skill      XL: |  1  2  3  4  5 |
---------------+----------------+-----
Fighting       | 3 4 5 |  5.1
Crossbows      | 2 |  2.0
Short Blades   | |  2.6
Throwing       | |  1.7
Dodging        | |  2.6

Action                   |  1- 3 |  4- 6 || total
-------------------------+-------+-------++-------
Melee: Rapier            |   135 |   125 ||   260
 Fire: Hand crossbow     |       |     6 ||     6
Throw: Throwing net      |       |     1 ||     1
Invok: Stomp             |     1 |     4 ||     5
  Use: Scroll            |       |    11 ||    11
       Potion            |       |     4 ||     4
 Stab: Held in net/web   |       |     1 ||     1
Armor: Leather armour    |    31 |       ||    31
       Ring mail         |    25 |    51 ||    76
       Skin              |       |    14 ||    14
Dodge: Dodged            |    90 |    70 ||   160

Table legend: (Time is in decaauts)
 A = Elapsed time spent in this place.
 B = Non-inter-level travel time spent in this place.
 C = Inter-level travel time spent in this place.
 D = Time resting spent in this place.
 E = Time spent auto-exploring this place.
 F = Levels seen in this place.
 G = Mean time per level.
                   A        B        C        D        E       F      G
               +--------+--------+--------+--------+--------+-----+--------+
         Total |   6190 |   5491 |    699 |   2122 |   1792 |   4 | 1547.5 |
       Dungeon |   6190 |   5491 |    699 |   2122 |   1792 |   4 | 1547.5 |
               +--------+--------+--------+--------+--------+-----+--------+

Top non-repeatable levels by time:
     D:3: 2538 daAuts
     D:1: 1568 daAuts
     D:2: 1349 daAuts
     D:4: 733 daAuts
